 Dungeon Crawl Stone Soup version 0.19.0-2-gae57169 (webtiles) character file.

1229 xeno23 the Firebug (level 8, -1/41 HPs)
             Began as a Deep Elf Fire Elementalist on Nov 5, 2016.
             Shot with an arrow by a centaur (8 damage)
             ... on level 5 of the Dungeon.
             The game lasted 00:19:32 (4307 turns).

xeno23 the Firebug (Deep Elf Fire Elementalist)     Turns: 4307, Time: 00:19:33

Health: -1/41      AC:  3    Str:  4 (5)  XL:     8   Next: 24%
Magic:  4/18       EV: 13    Int: 22 (23) God:
Gold:   166        SH:  5    Dex: 14 (15) Spells: 3 memorised, 10 levels left

rFire  . . .     SeeInvis .     h - +0 dagger (elec)
rCold  . . .     Gourm    .     a - +0 robe
rNeg   . . .     Faith    .     m - +0 buckler
rPois  .         Spirit   .     (no helmet)
rElec  .         Reflect  .     v - +0 cloak
rCorr  .         Harm     .     (no gloves)
MR     .....                    (no boots)
Stlth  ++........               (no amulet)
                                (no ring)
                                (no ring)

@: lethally poisoned (-1 -> -2)
A: hooves 1, deterioration 1, regeneration 1
a: no special abilities


You were on level 5 of the Dungeon.
You were not hungry.

You visited 2 branches of the dungeon, and saw 6 of its levels.

You collected 166 gold pieces.

Inventory:

Hand Weapons
 h - a +0 dagger of electrocution (weapon)
 o - a +0 spear
 u - a +0 dagger of venom
 y - a +0 blowgun
Missiles
 x - 21 poisoned needles
Armour
 a - a +0 robe (worn)
 m - a +0 buckler (worn)
 v - a +0 cloak (worn)
Wands
 r - a wand of flame (24/48)
Scrolls
 d - 3 scrolls of identify
 e - 3 scrolls of teleportation {unknown}
 f - 4 scrolls of immolation {unknown}
 i - a scroll of enchant armour {unknown}
 k - 2 scrolls of amnesia {unknown}
 l - a scroll of blinking {unknown}
 p - a scroll of fear {unknown}
 q - a scroll of random uselessness {unknown}
 z - a scroll of remove curse {unknown}
Potions
 g - a potion of invisibility
 j - a potion of heal wounds
 w - 2 potions of brilliance
 A - a potion of lignification
 B - a potion of degeneration {unknown}
 C - 2 potions of might {unknown}
 D - 2 potions of flight {unknown}
Books
 b - a book of Flames

   Spells                             Type                      Level
   a - Flame Tongue                   Conjuration/Fire             1
   b - Throw Flame                    Conjuration/Fire             2
   c - Conjure Flame                  Conjuration/Fire             3
   d - Inner Flame                    Hexes/Fire                   3
   e - Sticky Flame                   Conjuration/Fire             4
   f - Fireball                       Conjuration/Fire             5
Comestibles
 c - 5 bread rations
 n - 2 meat rations
 s - 5 fruits
 t - 6 chunks of flesh


   Skills:
 - Level 2.4 Dodging
 - Level 2.4 Stealth
 - Level 4.0 Shields
 + Level 5.5 Spellcasting
 * Level 5.7 Conjurations
 * Level 7.0 Fire Magic


You had 10 spell levels left.
You knew the following spells:

 Your Spells              Type           Power        Failure   Level  Hunger
a - Flame Tongue          Conj/Fire      ####.        1%          1    None
d - Conjure Flame         Conj/Fire      ####....     1%          3    ##.....
s - Sticky Flame          Conj/Fire      ####....     10%         4    ####...


Dungeon Overview and Level Annotations

Branches:
Dungeon (5/15)             Temple (1/1) D:4

Altars:
Ashenzari
Dithmenos
Elyvilon
Fedhas
Gozag
Hepliaklqana
Kikubaaqudgha
Makhleb
Okawaru
Qazlal
Trog
Uskayaw
Yredelemnul
The Shining One
Lugonu

Shops:
D:4 *

Annotations:
D:5 kraedy's ghost, novice VSFi


Innate Abilities, Weirdness & Mutations

You have large cloven feet.
Your body sometimes deteriorates upon taking damage.
Your natural rate of healing is unusually fast.


Message History

The adder bites you but does no damage.
The centaur shoots an arrow.
The arrow hits you.
Found a stone staircase leading down.
You see here 2 arrows.
You take 8 damage.
The bullfrog zombie hits you.
The centaur shoots an arrow.
The arrow hits you!
* * * LOW HITPOINT WARNING * * *
You see here an arrow.
You take 10 damage.
The bullfrog zombie hits you.
* * * LOW HITPOINT WARNING * * *
You take 2 damage.
A centaur comes into view.
The centaur shouts!
The adder bites you.
* * * LOW HITPOINT WARNING * * *
You are poisoned.
The adder poisons you!
The centaur wields a runed shortbow.
It is covered in frost.
The centaur shoots an arrow.
The arrow hits you!
You die...

......8..# #. .
.....(...# #. .
......8..### ## .
.%)!.......>. #### .
.._...8...#..# #.. .
.###....#..... ... ....
#...###.# s.# #....##.#
# ##.#####
#.....#@##.####
.......###..8coSZ.......
...c....###..g8..##..c..
#..........8..8..# ...#
##..(...###W###........#
#(..##.####.###.(.... ..
#.....cWg..............#
#.....#.###...........#
#)..P###. #####.#######


You could see 2 centaurs, kraedy's ghost, a gnoll, an adder, an orc and a
bullfrog zombie.

Vanquished Creatures
  Grinder (D:4)
  Eustachio (D:4)
  Edmund (D:5)
  An ice beast (D:4)
  A phantom (D:4)
  A howler monkey (D:5)
  A crimson imp (D:4)
  A jelly (D:3)
  An orc priest (D:4)
  Crazy Yiuf (D:4)
  A hound (D:4)
  3 orc wizards (D:4)
  A centaur skeleton (D:5)
  An iguana (D:4)
  2 worker ants (D:4)
  A worker ant zombie (D:5)
  3 adders
  4 gnolls
  A shadow imp (D:5)
  2 oozes (D:2)
  An adder skeleton (D:5)
  A worm (D:3)
  3 dart slugs
  5 leopard geckos
  17 orcs
  3 giant cockroaches
  11 hobgoblins
  8 jackals
  2 quokkas
  A ball python (D:2)
  5 bats
  3 frilled lizards
  10 goblins
  12 kobolds
  A leopard gecko zombie (D:5)
  6 rats
  A bush (D:2)
119 creatures vanquished.

Notes
Turn   | Place    | Note
-------+----------+-------------------------------------------
     0 | D:1      | xeno23 the Deep Elf Fire Elementalist began the quest for the Orb.
     0 | D:1      | Reached XP level 1. HP: 10/10 MP: 6/6
   383 | D:1      | Reached XP level 2. HP: 15/15 MP: 5/8
   884 | D:2      | Reached XP level 3. HP: 19/19 MP: 7/10
  1037 | D:2      | Reached skill level 4 in Fire Magic
  1233 | D:2      | Learned a level 3 spell: Conjure Flame
  1806 | D:3      | Reached XP level 4. HP: 24/24 MP: 8/11
  1825 | D:3      | Learned a level 4 spell: Sticky Flame
  1838 | D:3      | Reached skill level 1 in Shields
  2006 | D:3      | Found a shadowy altar of Dithmenos.
  2430 | D:3      | Found a faded altar of an unknown god.
  2430 | D:3      | Found a faded altar of an unknown god.
  2435 | D:3      | Found a faded altar of an unknown god.
  2437 | D:3      | Found a white marble altar of Elyvilon.
  2438 | D:3      | Found a glowing golden altar of the Shining One.
  2470 | D:4      | Reached XP level 5. HP: 28/28 MP: 12/12
  2472 | D:4      | Found a staircase to the Ecumenical Temple.
  2475 | D:4      | Found Xyugg's Assorted Antiques.
  2494 | Temple   | Entered the Ecumenical Temple
  2554 | D:4      | Noticed Grinder
  2554 | D:4      | Noticed an ice beast
  2733 | D:4      | Found a blossoming altar of Fedhas.
  2758 | D:4      | Found a runed door.
  2785 | D:4      | Reached skill level 5 in Fire Magic
  2839 | D:4      | Noticed Crazy Yiuf
  2843 | D:4      | Killed Crazy Yiuf
  2887 | D:4      | Noticed a phantom
  2927 | D:4      | Noticed Eustachio
  2935 | D:4      | Killed Eustachio
  2935 | D:4      | Reached XP level 6. HP: 21/32 MP: 2/14
  3156 | D:4      | Gained mutation: Your natural rate of healing is unusually fast. [potion of mutation]
  3156 | D:4      | Gained mutation: Your body sometimes deteriorates upon taking damage. [potion of mutation]
  3156 | D:4      | Gained mutation: You have large cloven feet. [potion of mutation]
  3179 | D:4      | Found a hazy altar of Hepliaklqana.
  3324 | D:4      | Killed an ice beast
  3324 | D:4      | Reached XP level 7. HP: 36/36 MP: 5/16
  3401 | D:4      | Found a shattered altar of Ashenzari.
  3426 | D:4      | Killed Grinder
  3426 | D:4      | Reached skill level 5 in Spellcasting
  3426 | D:4      | Reached skill level 6 in Fire Magic
  3656 | D:4      | Reached skill level 5 in Conjurations
  4043 | D:5      | Entered Level 5 of the Dungeon
  4057 | D:5      | Reached XP level 8. HP: 38/41 MP: 9/17
  4094 | D:5      | Noticed Edmund
  4126 | D:5      | Killed Edmund
  4147 | D:5      | Found a hide-covered altar of Uskayaw.
  4229 | D:5      | Noticed kraedy's ghost (novice VSFi)
  4241 | D:5      | Reached skill level 7 in Fire Magic
  4307 | D:5      | Shot with an arrow by a centaur

Skill      XL: |  1  2  3  4  5  6  7  8 |
---------------+-------------------------+-----
Conjurations   | 2 3 4 5 |  5.7
Fire Magic     | 4 5 6 7 |  7.0
Shields        | 1 2 3 4 |  4.0
Spellcasting   | 4 5 |  5.5
Dodging        | |  2.4
Stealth        | |  2.4

Action                   |  1- 3 |  4- 6 |  7- 9 || total
-------------------------+-------+-------+-------++-------
Melee: Dagger            |    27 |    33 |    41 ||   101
       Kick              |       |     2 |    11 ||    13
 Cast: Flame Tongue      |    63 |    51 |   106 ||   220
       Sticky Flame      |       |     7 |     3 ||    10
       Conjure Flame     |       |     2 |     4 ||     6
  Use: Scroll            |       |     4 |     1 ||     5
       Potion            |       |     1 |       ||     1
 Stab: Sleeping          |     1 |     4 |     2 ||     7
       Distracted        |       |     1 |       ||     1
  Eat: Chunk             |     2 |     6 |     4 ||    12
Armor: Robe              |     4 |     5 |     4 ||    13
Dodge: Dodged            |    21 |    23 |    42 ||    86
Block: Buckler           |       |    13 |    12 ||    25
